 Dungeon Crawl Stone Soup version 0.31.0 (webtiles) character file.

Game seed: 15019498073290899597

347 qw the Shooter (level 6, 0/38 HPs)
             Began as a Gargoyle Hunter on Jan 20, 2024.
             Incinerated by a bombardier beetle (3 damage)
             ... with a burning spray
             ... on level 4 of the Dungeon.
             The game lasted 00:00:14 (2683 turns).

qw the Shooter (Gargoyle Hunter)                    Turns: 2683, Time: 00:00:14

Health: 0/38       AC: 10    Str: 15    XL:     6   Next: 59%
Magic:  6/6        EV: 16    Int:  9    God:
Gold:   127        SH:  5    Dex: 15    Spells: 5/5 levels left

rFire   . . .        o - +0 orcbow
rCold   . . .        (shield currently unavailable)
rNeg    + . .        i - +0 ring mail
rPois   inf          h - +0 helmet
rElec   +            (no cloak)
rCorr   .            (no gloves)
SInv    +            (no boots)
Will    .....        k - amulet of reflection
Stlth   +            q - +5 ring of evasion
HPRegen 0.26/turn    f - ring of see invisible
MPRegen 0.10/turn

%: reflection
@: on fire, glowing
A: sickness immunity, AC +4, negative energy resistance 1, electricity
resistance, torment resistance 1, petrification resistance
a: no special abilities


You were on level 4 of the Dungeon.
You visited 1 branch of the dungeon, and saw 4 of its levels.

You collected 127 gold pieces.


Innate Abilities, Weirdness & Mutations

You are immune to sickness and miasma.
Your stone body is resilient. (AC +4)
You are immune to poison.
You resist negative energy. (rN+)
You are resistant to electric shocks. (rElec)
You are resistant to unholy torment.
You are immune to petrification.


   Skills:
 - Level 4.0 Fighting
 + Level 6.8 Ranged Weapons
 - Level 1.3 Armour
 - Level 1.5 Dodging
 - Level 1.1 Stealth


You had 5 spell levels left.
You didn't know any spells.
Your spell library was empty.

Inventory:

Hand Weapons
 o - a +0 orcbow (weapon)
Armour
 h - a +0 helmet (worn)
 i - a +0 ring mail (worn)
Jewellery
 f - a ring of see invisible (right hand)
 k - an amulet of reflection (around neck)
 p - a ring of ice
 q - a +5 ring of evasion (left hand)
Wands
 a - a wand of light (7)
 j - a wand of flame (16)
Potions
 d - a potion of haste
 e - a potion of cancellation {unknown}
 g - a potion of lignification {unknown}
 l - 2 potions of curing

Dungeon Overview and Level Annotations

Branches:
Dungeon (4/15)
 Temple: D:4-7

Altars:


Message History

You shoot an arrow. The arrow hits the bombardier beetle.
The bombardier beetle is moderately wounded.
The bombardier beetle closely misses you.
You shoot an arrow.
The arrow barely misses the bombardier beetle.
You shoot an arrow. The arrow hits the bombardier beetle!
The bombardier beetle is severely wounded.
The bombardier beetle sprays incendiary fluid at you.
The burning spray hits you.
You are covered in liquid fire!
You shoot an arrow.
The arrow barely misses the bombardier beetle.
The liquid fire burns you!
The bombardier beetle completely misses you.
You shoot an arrow.
The arrow hits the bombardier beetle but does no damage.
The bombardier beetle is severely wounded.
The liquid fire burns you!
The bombardier beetle sprays incendiary fluid at you.
The burning spray hits you.
You are even more covered in liquid fire!
You shoot an arrow. The arrow hits the bombardier beetle.
The bombardier beetle is almost dead.
The liquid fire burns you!
You shoot an arrow. The arrow hits the bombardier beetle!
You kill the bombardier beetle!
The liquid fire burns you!
2679 ||| FLEEEEING.
You shake off some of the fire as you move.
The liquid fire burns you!
You shake off some of the fire as you move.
The liquid fire burns you!
You shake off some of the fire as you move.
The liquid fire burns you!
You shake off some of the fire as you move.
The liquid fire burns you!
There is a stone staircase leading up here.
2683 ||| STAIRDANCE The liquid fire burns you!
You die...

######## #..<...#
#. ##...@..# ...
#.......# ###....
#..<....##.......
#..#####..#.....(.
#.. ##......... ..
###)...... #
....... ....(..
.......


There were no monsters in sight!

Vanquished Creatures
  A bombardier beetle (D:4)
  Natasha (thrice) (D:2)
  Terence (D:2)
  Robin (D:2)
  4 gnolls (D:3)
  8 adders
  A dart slug (D:1)
  8 orcs
  6 ball pythons
  4 bats
  3 endoplasms
  A giant cockroach (D:1)
  18 goblins
  7 hobgoblins
  7 jackals
  4 quokkas
  2 frilled lizards
  2 kobolds
  3 rats
84 creatures vanquished.

Notes
Turn   | Place    | Note
-------+----------+-------------------------------------------
     0 | D:1      | qw the Gargoyle Hunter began the quest for the Orb.
     0 | D:1      | Reached XP level 1. HP: 12/12 MP: 1/1
     0 | D:1      | 0 ||| qw: Version: 0.3-a-132-g3d54051
     0 | D:1      | 0 ||| qw: Game counter: 520
     0 | D:1      | 0 ||| qw: Melee chars always use a shield: true
     0 | D:1      | 0 ||| qw: God list: Okawaru
     0 | D:1      | 0 ||| qw: Allow faded altars: false
     0 | D:1      | 0 ||| qw: Do Orc after clearing Dungeon:15 true
     0 | D:1      | 0 ||| qw: Do second Lair branch before Depths: true
     0 | D:1      | 0 ||| qw: Lair rune preference: random
     0 | D:1      | 0 ||| qw: Goals: Normal
     0 | D:1      | 0 ||| PLANNING D:1-11
    22 | D:1      | You fall into a shaft and drop 1 floor!
    52 | D:2      | HP: 1/12 [goblin/+0 dagger (3)]
   128 | D:2      | Noticed Natasha
   133 | D:2      | Reached XP level 2. HP: 17/17 MP: 2/2
   146 | D:2      | HP: 4/17 [cerulean imp/+0 spear[Natasha] (2)]
   147 | D:2      | Killed Natasha
   148 | D:2      | Reached skill level 5 in Ranged Weapons
   148 | D:2      | Reached XP level 3. HP: 6/21 MP: 3/3
   267 | D:2      | Noticed Robin
   278 | D:2      | Killed Robin
   279 | D:2      | Reached XP level 4. HP: 27/27 MP: 4/4
   286 | D:2      | Reached skill level 3 in Fighting
   339 | D:2      | 339 ||| FLEEEEING.
   345 | D:2      | 345 ||| STAIRDANCE
   952 | D:1      | 952 ||| UPGRADING to +0 helmet.
   957 | D:1      | 957 ||| UPGRADING to amulet of reflection.
   962 | D:1      | 962 ||| UPGRADING to +5 ring of evasion.
   963 | D:1      | 963 ||| READING 2 scrolls labelled FAMNAQ DIDIXU.
   964 | D:1      | 964 ||| READING scroll labelled VAUXUO HEIS.
  1065 | D:1      | 1065 ||| READING scroll labelled ALURYM CAMP.
  1066 | D:1      | 1066 ||| READING scroll labelled REMERPH TUITZ.
  1071 | D:1      | 1071 ||| READING scroll labelled COUTTI PUOWIASYTT.
  1071 | D:1      | 1071 ||| IDENTIFYING black potion
  1072 | D:1      | 1072 ||| READING scroll labelled AGUNKAPNAE.
  1072 | D:1      | 1072 ||| BRANDING +0 shortbow.
  1073 | D:1      | 1073 ||| READING scroll labelled XEUSTI POEDUTHROF.
  1074 | D:1      | 1074 ||| DRINKING 2 bubbling sapphire potions.
  1075 | D:1      | 1075 ||| DROPPING scroll of butterflies.
  1076 | D:1      | 1076 ||| DROPPING scroll of immolation.
  1077 | D:1      | 1077 ||| DROPPING potion of invisibility.
  1096 | D:2      | Noticed Terence
  1106 | D:2      | Killed Terence
  1107 | D:2      | Reached XP level 5. HP: 30/32 MP: 5/5
  1122 | D:2      | Reached skill level 6 in Ranged Weapons
  1129 | D:2      | Noticed Natasha
  1131 | D:2      | Killed Natasha
  1132 | D:2      | Reached skill level 1 in Armour
  1750 | D:2      | Noticed Natasha
  1761 | D:2      | Killed Natasha
  1762 | D:2      | 1762 ||| FLEEEEING.
  1868 | D:2      | Found a faded altar of an unknown god.
  1868 | D:2      | Noticed a reaper
  2048 | D:2      | 2048 ||| UPGRADING to +0 ring mail.
  2058 | D:2      | 2058 ||| DROPPING +0 leather armour.
  2059 | D:2      | 2059 ||| UPGRADING to ring of see invisible.
  2060 | D:2      | 2060 ||| READING 2 scrolls labelled ASUYXTACOS.
  2061 | D:2      | 2061 ||| READING scroll labelled TIMOOBR GEYG.
  2062 | D:2      | 2062 ||| DRINKING 2 red potions.
  2063 | D:2      | 2063 ||| DROPPING scroll of noise.
  2130 | D:3      | 2130 ||| STAIRDANCE
  2134 | D:3      | 2134 ||| STAIRDANCE
  2146 | D:2      | Reached XP level 6. HP: 38/38 MP: 6/6
  2175 | D:3      | 2175 ||| FLEEEEING.
  2180 | D:3      | 2180 ||| STAIRDANCE
  2514 | D:3      | 2514 ||| SWAPPING to +0 orcbow.
  2515 | D:3      | 2515 ||| DROPPING +0 heavy shortbow.
  2639 | D:3      | 2639 ||| READING 2 scrolls of identify.
  2639 | D:3      | 2639 ||| IDENTIFYING lumpy red potion
  2640 | D:3      | 2640 ||| READING scroll of identify.
  2640 | D:3      | 2640 ||| IDENTIFYING green potion
  2641 | D:3      | 2641 ||| READING scroll labelled KIZXIC VYBUY.
  2642 | D:3      | 2642 ||| DROPPING potion of magic.
  2643 | D:3      | 2643 ||| DROPPING potion of brilliance.
  2656 | D:4      | 2656 ||| PLANNING OSSUARY
  2679 | D:4      | 2679 ||| FLEEEEING.
  2681 | D:4      | HP: 9/38 [burnt (3)]
  2682 | D:4      | HP: 3/38 [burnt (6)]
  2683 | D:4      | 2683 ||| STAIRDANCE
  2683 | D:4      | Incinerated by a bombardier beetle

Levels and vault maps discovered:
D:1:      lightli_arrival_boilingwater, layout_basic
D:2:      layout_basic, dreamdust_ecumenical_altar_sealed_demon, uniq_natasha,
          uniq_robin, uniq_terence
D:3:      layout_rooms
D:4:      layout_rooms, minmay_temple_entry_arrows, nicolae_ossuary_entry_ruins,
          uniq_sigmund

Skill      XL: |  1  2  3  4  5 |
---------------+----------------+-----
Ranged Weapons | 5 6 |  6.8
Fighting       | 3 4 |  4.0
Armour         | 1 |  1.3
Dodging        | |  1.5
Stealth        | |  1.1

Action                     |  1- 3 |  4- 6 || total
---------------------------+-------+-------++-------
   Fire: Shortbow          |    56 |   190 ||   246
         Orcbow            |       |    17 ||    17
    Use: Scroll            |       |    12 ||    12
         Potion            |       |     2 ||     2
 Armour: Leather armour    |    20 |    35 ||    55
         Ring mail         |       |    26 ||    26
  Dodge: Dodged            |    21 |   106 ||   127
  Block: Other             |       |    23 ||    23

Table legend:
 A = Non-vault XP
 B = Vault XP
 C = Vault XP percentage of total XP
 D = Non-vault monster count
 E = Vault monster count
 F = Vault count percentage of total count
                 A         B        C        D         E       F
            +---------+---------+-------+---------+---------+-------
      Total |     390 |     106 |  21.4 |      69 |      15 |  17.9
            +---------+---------+-------+---------+---------+-------
        D:1 |      45 |       0 |   0.0 |      24 |       0 |   0.0
        D:2 |     178 |     106 |  37.3 |      26 |      15 |  36.6
        D:3 |     117 |       0 |   0.0 |      17 |       0 |   0.0
        D:4 |      50 |       0 |   0.0 |       2 |       0 |   0.0
            +---------+---------+-------+---------+---------+-------
